 Dungeon Crawl Stone Soup version 0.24.0-13-gcf9b3192b9 (webtiles) character file.

Game seed: 5607221822255559472, levelgen mode: deterministic

10698 Teneria the Basher (level 11, -7/69 HPs)
             Began as a Gargoyle Monk on Nov 6, 2019.
             Was a High Priest of Okawaru.
             Blown up by an orc priest (27 damage)
             ... with a disintegration bolt
             ... on level 11 of the Dungeon on Nov 7, 2019.
             The game lasted 00:56:10 (13164 turns).

Teneria the Basher (Gargoyle Monk)                 Turns: 13164, Time: 00:56:10

Health: -7/69      AC: 40    Str: 18    XL:     11   Next: 66%
Magic:  15/15      EV: 11    Int: 11    God:    Okawaru [*****.]
Gold:   595        SH:  6    Dex: 12    Spells: 10/10 levels left

rFire    . . .     SeeInvis .   D - +1 flail (protect)
rCold    . . .     Gourm    +   C - +0 buckler {reflect}
rNeg     + . .     Faith    .   E - +1 plate armour
rPois    ∞         Spirit   .   d - +2 helmet
rElec    +         Reflect  +   I - +0 cloak
rCorr    .         Harm     .   m - +2 pair of gloves
MR       .....                  (no boots)
Stlth    ..........             B - amulet of the gourmand
HPRegen  0.21/turn              l - ring of wizardry
MPRegen  0.14/turn              s - +2 ring of slaying

@: heroism, protection aura
A: negative energy resistance 1, electricity resistance, unbreathing,
petrification resistance, rot immunity, AC +8
a: Heroism, Finesse, Renounce Religion


You were on level 11 of the Dungeon.
You worshipped Okawaru.
Okawaru was extremely pleased with you.
You were completely stuffed.

You visited 2 branches of the dungeon, and saw 12 of its levels.

You collected 595 gold pieces.

Inventory:

Hand Weapons
 A - a +2 war axe of electrocution
 D - a +1 flail of protection (weapon)
 K - the +5 great mace of the Badger {holy, rElec}
   (Okawaru gifted it to you on level 10 of the Dungeon)

   It has been blessed by the Shining One to cause great damage to the undead
   and demons.
   It insulates you from electricity.
Missiles
 a - 4 curare-tipped darts
 e - 8 atropa-tipped darts
 k - 2 silver boomerangs (quivered)
Armour
 b - a +0 large shield
 d - a +2 helmet (worn)
 m - a +2 pair of gloves (worn)
 r - a +1 ring mail of fire resistance
 C - a +0 buckler of reflection (worn)
 E - a +1 plate armour (worn)
 I - a +0 cloak (worn)
Jewellery
 l - a ring of wizardry (left hand)
 p - an uncursed ring of fire
 s - a +2 ring of slaying (right hand)
 y - an uncursed amulet of magic regeneration
 B - an amulet of the gourmand (around neck)
Wands
 n - a wand of polymorph (3)
 v - a wand of paralysis (16)
 x - a wand of digging (4)
 G - a wand of flame (19)
 L - a wand of clouds (5)
Scrolls
 h - 11 scrolls of teleportation
 i - 4 scrolls of magic mapping
 j - 2 scrolls of noise
 u - 4 scrolls of remove curse
 M - a scroll of enchant weapon
 N - a scroll of identify
Potions
 f - 6 potions of curing
 g - 2 potions of mutation
 o - a potion of might {unknown}
 q - 4 potions of heal wounds
 t - 8 potions of degeneration
 w - 2 potions of lignification
 z - 2 potions of haste
 F - a potion of cancellation
 H - a potion of brilliance {unknown}
Comestibles
 c - 25 rations
 J - a chunk of flesh


   Skills:
 + Level 8.8(13.8) Fighting
 * Level 11.0(16.0) Maces & Flails
 + Level 8.1(13.1) Armour
 + Level 6.7(11.7) Dodging
 - Level 2.1(7.1) Stealth
 - Level 4.1(9.1) Shields
 + Level 6.3 Invocations


You had 10 spell levels left.
You didn't know any spells.
Your spell library contained the following spells:

 Spells                   Type           Power        Failure   Level  Hunger
 Corona                   Hex            #......      91%         1    ##.....
 Ensorcelled Hibernation  Hex/Ice        #.....       97%         2    ###....
 Confuse                  Hex            #.......     99%         3    ####...
 Dazzling Spray           Conj/Hex       #.....       99%         3    ####...
 Tukima's Dance           Hex            #.......     99%         3    ####...


Dungeon Overview and Level Annotations

Branches:
Dungeon (11/15)            Temple (1/1) D:4            Lair (0/6) D:8
    Orc (0/2) D:9

Altars:
Ashenzari
Cheibriados
Dithmenos
Elyvilon
Fedhas
Gozag
Hepliaklqana
Kikubaaqudgha
Makhleb
Nemelex Xobeh
Okawaru
Qazlal
Ru
Sif Muna
Trog
Uskayaw
Wu Jian
Xom
Yredelemnul
Zin
The Shining One

Shops:
D:6 (   D:7 (

Annotations:
D:2 exclusion: orc wizard


Innate Abilities, Weirdness & Mutations

You are resistant to torment.
Your stone body is resilient. (AC +8)
You are immune to poison.
You resist negative energy. (rN+)
You are resistant to electric shocks. (rElec)
You can survive without breathing.
You are immune to petrification.
You are immune to rotting.


Message History

Items here: )) [[ †† You hit the orc priest but do no damage.
The orc priest barely misses you. x2
You closely miss the orc priest.
The orc priest hits you but does no damage. x2
You hit the orc priest.
The orc priest is heavily wounded.
You thump the orc priest!
The orc priest is almost dead.
You block the orc priest's attack.
The orc priest zaps a wand.
You are blasted!
You barely miss the orc priest.
The orc priest is almost dead.
The orc priest invokes the aid of Beogh against you.
Beogh smites you!
* * * LOW HITPOINT WARNING * * *
You sock the orc priest!
You kill the orc priest!
Okawaru accepts your kill.
The orc priest zaps a wand.
You are blasted!
You die...

##..........#
##...####...##
#...## ##..#.
##..## ##...
##..## #...
##..## #...
#..## ##...
##.## #....
##@## #####
##[o# #..##
........## ##
.......## ###.
......# ##...
...... #....
...... #....
..... #....


You could see an orc priest.

Vanquished Creatures
  Erolcha (D:10)
  A two-headed ogre (D:9)
  A manticore (D:11)
  An elephant (D:8)
  Maurice (D:10)
  Joseph (D:8)
  A troll (D:11)
  A hippogriff (D:11)
  10 yaks
  A swamp drake (D:9)
  A sky beast (D:5)
  4 orc warriors
  3 phantoms
  A black bear (D:8)
  A necrophage (D:10)
  An ice beast (D:5)
  10 ogres
  A wolf (D:6)
  6 centaurs
  2 crocodiles (D:8)
  A big kobold (D:8)
  Blork the orc (D:5)
  4 bullfrogs
  5 gnoll sergeants
  6 scorpions
  13 killer bees
  A howler monkey (D:7)
  5 crimson imps
  3 bullfrog zombies
  2 jellies
  2 bullfrog skeletons
  12 hounds
  4 orc priests
  A centaur skeleton (D:7)
  6 orc wizards
  2 gnoll shamans (D:6)
  3 iguanas
  5 worker ants
  2 howler monkey skeletons (D:8)
  25 gnolls
  13 adders
  7 shadow imps
  2 oozes
  3 adder skeletons
  5 worms
  2 dart slugs
  6 leopard geckos
  17 orcs
  6 giant cockroaches
  9 goblins
  10 hobgoblins
  10 jackals
  14 kobolds
  2 quokkas
  2 ball pythons
  10 bats
  4 frilled lizards
  A jackal skeleton (D:4)
  A leopard gecko zombie (D:6)
  A quokka skeleton (D:4)
  9 rats
286 creatures vanquished.

Notes
Turn   | Place    | Note
-------+----------+-------------------------------------------
     0 | D:1      | Teneria the Gargoyle Monk began the quest for the Orb.
     0 | D:1      | Reached XP level 1. HP: 14/14 MP: 1/1
    67 | D:1      | Reached XP level 2. HP: 19/19 MP: 2/2
   761 | D:1      | Reached XP level 3. HP: 18/23 MP: 3/3
  1044 | D:2      | Found a shadowy altar of Dithmenos.
  1084 | D:2      | Reached skill level 1 in Armour
  1499 | D:2      | Reached XP level 4. HP: 26/29 MP: 4/4
  1562 | D:2      | Reached skill level 4 in Maces & Flails
  1959 | D:2      | Reached XP level 5. HP: 30/33 MP: 5/5
  2156 | D:2      | Found a glowing golden altar of the Shining One.
  2884 | D:3      | Noticed a phantom
  2896 | D:3      | Reached XP level 6. HP: 39/39 MP: 6/6
  3221 | D:3      | Killed a phantom
  3221 | D:3      | Reached skill level 5 in Maces & Flails
  3558 | D:4      | Reached XP level 7. HP: 27/44 MP: 7/7
  3728 | D:4      | Found a staircase to the Ecumenical Temple.
  3804 | Temple   | Entered the Ecumenical Temple
  4466 | D:4      | Reached skill level 5 in Fighting
  4871 | D:4      | Reached skill level 6 in Maces & Flails
  5008 | D:5      | Entered Level 5 of the Dungeon
  5178 | D:5      | Reached XP level 8. HP: 42/50 MP: 8/8
  5330 | D:5      | Noticed Blork the orc
  5359 | D:5      | Killed Blork the orc
  5404 | D:5      | Reached skill level 7 in Maces & Flails
  5566 | D:5      | Got a pitted dagger
  5567 | D:5      | Identified the cursed +0 dagger "Mora" {antimagic, rC+}
                  | (You found it on level 5 of the Dungeon)
  5609 | D:5      | Found a sacrificial altar of Ru.
  5660 | D:5      | Found an iron altar of Okawaru.
  5663 | D:5      | Became a worshipper of Warmaster Okawaru
  5663 | D:5      | Reached * piety under Okawaru
  5663 | D:5      | Reached ** piety under Okawaru
  6362 | D:6      | Found a blossoming altar of Fedhas.
  6375 | D:6      | Found a bloodstained altar of Trog.
  6459 | D:6      | Reached skill level 1 in Invocations
  6565 | D:6      | Reached XP level 9. HP: 49/55 MP: 10/10
  6575 | D:6      | Reached skill level 5 in Armour
  6894 | D:6      | Reached skill level 8 in Maces & Flails
  7057 | D:6      | Reached skill level 5 in Dodging
  7111 | D:6      | Reached *** piety under Okawaru
  7465 | D:6      | Found Yguituni's Antique Weapon Boutique.
  7750 | D:6      | Reached skill level 1 in Shields
  7761 | D:6      | Found an opulent altar of Gozag.
  7925 | D:6      | Found a glowing silver altar of Zin.
  7927 | D:6      | Found a shattered altar of Ashenzari.
  8108 | D:7      | Found a shimmering altar of Xom.
  8108 | D:7      | Found a burning altar of Makhleb.
  8559 | D:7      | Found Wimov's Weapon Emporium.
  8778 | D:7      | Found a sparkling altar of Nemelex Xobeh.
  9040 | D:8      | Noticed an elephant
  9041 | D:8      | Reached skill level 9 in Maces & Flails
  9041 | D:8      | Reached XP level 10. HP: 63/63 MP: 12/12
  9058 | D:8      | Killed an elephant
  9058 | D:8      | Reached **** piety under Okawaru
  9372 | D:8      | Noticed Joseph
  9406 | D:8      | Killed Joseph
  9457 | D:8      | Found a staircase to the Lair.
  9746 | D:8      | Found a white marble altar of Elyvilon.
 10963 | D:9      | Noticed a two-headed ogre
 10975 | D:9      | Killed a two-headed ogre
 10975 | D:9      | Reached skill level 10 in Maces & Flails
 10975 | D:9      | Reached skill level 5 in Invocations
 11298 | D:9      | Received a gift from Okawaru
 11310 | D:9      | Reached XP level 11. HP: 61/68 MP: 14/14
 11327 | D:9      | Reached ***** piety under Okawaru
 11801 | D:9      | Found a staircase to the Orcish Mines.
 11816 | D:9      | Received a gift from Okawaru
 12064 | D:10     | Entered Level 10 of the Dungeon
 12118 | D:10     | Noticed Maurice
 12133 | D:10     | Killed Maurice
 12179 | D:10     | Received a gift from Okawaru
 12180 | D:10     | Got a bloodstained great mace {god gift}
 12181 | D:10     | Identified the +5 great mace of the Badger {holy, rElec}
                  | (Okawaru gifted it to you on level 10 of the Dungeon)
 12181 | D:10     | Noticed Erolcha
 12189 | D:10     | Killed Erolcha
 12342 | D:10     | Found a bloodstained altar of Trog.
 12768 | D:11     | Noticed a manticore
 12786 | D:11     | Killed a manticore
 13153 | D:11     | Reached skill level 11 in Maces & Flails
 13164 | D:11     | Blown up by an orc priest

Levels and vault maps discovered:
D:1:      giann_bridges, layout_loops_corners
D:2:      layout_basic, nicolae_dithmenos_shadow_blocks, tso_altar
D:3:      layout_basic, first_ration, grunt_decor_clamped
D:4:      layout_basic, minmay_temple_entry_mini_moons
D:5:      layout_basic, kennysheep_little_box, kennysheep_mini_moat,
          minmay_holes, uniq_blork_the_orc
D:6:      layout_cave_pools, nicolae_overflow_hidden_temple,
          grunt_temple_overflow_open, serial_gnoll_camp, gnoll_camp_mini_shop,
          gnoll_camp_medium_02, gnoll_camp_mini_hut, gnoll_camp_mini_doghouse,
          gnoll_camp_huts_basic
D:7:      layout_loops_corners, grunt_temple_overflow_champion_of_chaos,
          marbit_many_paths, serial_shops, shop, kennysheep_doodads,
          grunt_ministairs_11
D:8:      layout_gridville, lemuel_coloured_pillars_altar, david_lair_generic,
          uniq_joseph
D:9:      layout_grid_maze, erik_orc_1
D:10:     layout_loops_ring, basic_altar, uniq_maurice, uniq_erolcha
D:11:     layout_cave_pods
Temple:   compressed_dpeg_triangle_lava_temple

Skill      XL: |  1  2  3  4  5  6  7  8  9 10 11 |
---------------+----------------------------------+-----
Armour         | 1 2 3 4 6 7 8 |  8.1
Maces & Flails | 4 5 6 7 9 10 11 | 11.0
Fighting       | 4 5 6 7 8 |  8.8
Dodging        | 3 4 5 6 |  6.7
Invocations    | 1 3 5 6 |  6.3
Shields        | 2 4 |  4.1
Stealth        | |  2.1

Action                   |  1- 3 |  4- 6 |  7- 9 | 10-12 || total
-------------------------+-------+-------+-------+-------++-------
Melee: Mace              |   106 |   249 |   135 |       ||   490
       Flail             |       |       |   496 |   644 ||  1140
       Punch             |       |       |     1 |       ||     1
Throw: Boomerang         |       |    28 |    21 |    24 ||    73
       Dart              |       |       |       |    29 ||    29
Invok: Heroism           |       |       |     5 |     8 ||    13
  Use: Scroll            |       |     7 |    12 |     6 ||    25
       Potion            |       |     1 |       |     1 ||     2
 Stab: Sleeping          |     6 |     1 |     1 |       ||     8
       Invisible         |       |       |       |     2 ||     2
  Eat: Chunk             |     2 |     4 |    19 |    22 ||    47
       Ration            |       |     1 |     1 |       ||     2
Armor: Robe              |    28 |    38 |       |       ||    66
       Ring mail         |       |    82 |    54 |       ||   136
       Chain mail        |       |       |   332 |    82 ||   414
       Plate armour      |       |       |       |   435 ||   435
Dodge: Dodged            |    73 |   181 |   328 |   326 ||   908
Block: Buckler           |       |       |    24 |   206 ||   230
       Reflection        |       |       |       |     7 ||     7
